 Dungeon Crawl Stone Soup version 0.30.1-4-g462c640d31 (webtiles) character file.

Game seed: 16386472312585224475

5619 Wobber the Nimble (level 10, -3/49 HPs)
             Began as a Felid Summoner on Sept 4, 2023.
             Was an Initiate of Gozag.
             Killed by an exploding themself (31 damage)
             ... ignited by their inner flame
             ... on level 12 of the Dungeon on Sept 5, 2023.
             The game lasted 01:13:37 (15611 turns).

Wobber the Nimble (Felid Summoner)                 Turns: 15611, Time: 01:13:37

Health: -3/49      AC:  2    Str:  4    XL:     10   Next: 45%
Magic:  19/23      EV: 25    Int: 21    God:    Gozag
Gold:   1519       SH:  0    Dex: 17    Spells: 11/26 levels left
                                        Lives:  0   Deaths: 3

rFire   . . .        (weapon unavailable)
rCold   . . .        (shield unavailable)
rNeg    . . .        (body armour unavailable)
rPois   .            (helmet unavailable)
rElec   .            (cloak unavailable)
rCorr   +            (gloves unavailable)
SInv    +            (boots unavailable)
Will    ++...        x - amulet of regeneration
Stlth   ++           c - ring of willpower
HPRegen 1.08/turn    f - ring of resist corrosion
MPRegen 0.18/turn

%: no passive effects
@: quick
A: very small, claws 1, fangs 3, see invisible, speed 1, shaggy fur 2, stealthy
paws, no weapons or thrown items, no armour, multi-lived
a: Renounce Religion, Potion Petition, Call Merchant, Bribe Branch


You were on level 12 of the Dungeon.
You worshipped Gozag.
Gozag was most pleased with you.
You visited 2 branches of the dungeon, and saw 13 of its levels.

You collected 1782 gold pieces.
You paid 263 gold pieces to Gozag.

Inventory:

Jewellery
 c - a ring of willpower (left paw)
 f - a ring of resist corrosion (right paw)
 x - an amulet of regeneration (around neck)
 A - a ring of fire
 F - a ring of protection from cold
 I - an amulet of reflection
Wands
 b - a wand of flame (19)
 l - a wand of iceblast (16)
 v - a wand of polymorph (5)
 E - a wand of acid (4)
 H - a wand of charming (7)
Scrolls
 e - 2 scrolls of enchant weapon {unknown}
 k - a scroll of teleportation
 n - 2 scrolls of vulnerability {unknown}
 p - a scroll of silence {unknown}
 r - a scroll of fog {unknown}
 u - a scroll of fear
 w - a scroll of poison {unknown}
 y - a scroll of identify
 B - a scroll of acquirement {unknown}
 C - a scroll of magic mapping {unknown}
 D - 2 scrolls of noise
 J - 2 scrolls of brand weapon {unknown}
Potions
 a - 4 potions of curing
 d - 2 potions of mutation
 g - 3 potions of attraction
 h - a potion of haste
 i - a potion of invisibility {unknown}
 j - 3 potions of might
 m - a potion of ambrosia {unknown}
 o - a potion of berserk rage {unknown}
 q - a potion of brilliance {unknown}
 t - 2 potions of flight
 z - 2 potions of cancellation


   Skills:
 + Level 8.5 Fighting
 + Level 11.8 Dodging
 - Level 2.6 Stealth
 + Level 8.6 Spellcasting
 - Level 5.0 Hexes
 + Level 9.9 Summonings
 - Level 5.0 Translocations
 - Level 7.0 Air Magic


You had 11 spell levels left.
You knew the following spells:

 Your Spells              Type           Power      Damage    Failure   Level
a - Summon Small Mammal   Summ           100%       N/A       1%          1
b - Call Imp              Summ           100%       N/A       1%          2
c - Call Canine Familiar  Summ           50%        N/A       1%          3
d - Summon Guardian Gole  Hex/Summ       40%        N/A       1%          3
e - Summon Lightning Spi  Summ/Air       44%        N/A       2%          4
f - Blink                 Tloc           60%        N/A       1%          2

Your spell library contained the following spells:

 Spells                   Type           Power      Damage    Failure   Level
 Lesser Beckoning         Tloc           60%        N/A       1%          2
 Tukima's Dance           Hex            30%        N/A       3%          3
 Momentum Strike          Conj/Tloc      38%        3d9       4%          2
 Magic Dart               Conj           36%        1d4       8%          1
 Dazzling Flash           Conj/Hex       38%        N/A       9%          3
 Mephitic Cloud           Conj/Pois/Air  18%        N/A       9%          3
 Volatile Blastmotes      Fire/Tloc      38%        2d13      9%          3
 Passage of Golubria      Tloc           30%        N/A       10%         4
 Searing Ray              Conj           18%        2d5       12%         2
 Stone Arrow              Conj/Erth      18%        3d8       22%         3
 Fulminant Prism          Conj/Hex       9%         3d7       26%         4
 Iskenderun's Mystic Bla  Conj/Tloc      19%        2d6       26%         4
 Yara's Violent Unravell  Hex/Tmut       9%         3d6       58%         5
 Starburst                Conj/Fire      4%         6d4       100%        6
 Lehudib's Crystal Spear  Conj/Erth      4%         10d3      100%        8
 Animate Armour           Summ/Erth      Unusable   N/A       N/A         4

Dungeon Overview and Level Annotations

Branches:
Dungeon (12/15)            Temple (1/1) D:5            Lair (0/5) D:11
    Orc: D:9-12

Altars:
Ashenzari
Cheibriados
Dithmenos
Elyvilon
Fedhas
Gozag
Hepliaklqana
Kikubaaqudgha
Makhleb
Nemelex Xobeh
Okawaru
Qazlal
Ru
Sif Muna
Trog
Uskayaw
Vehumet
Wu Jian
Xom
Yredelemnul
Zin
The Shining One

Shops:
D:4 *   D:6 *

Annotations:
D:8 1 runed translucent door, bairyn's ghost, novice SpRe
D:12 Fannar


Innate Abilities, Weirdness & Mutations

You have sharp claws.
You have razor-sharp teeth.
You have supernaturally acute eyesight. (SInv)
You cover ground quickly. (Speed+)
You are covered in thick fur. (AC +2)
Your paws help you pounce on unaware monsters.
You are incapable of wielding weapons or throwing items.
You cannot wear armour.
You gain extra lives every three experience levels.


Message History

Your lightning spire is destroyed!
Your lightning spire disappears in a puff of smoke!
An orc warrior comes into view. It is wielding a +0 scimitar.
The boulder beetle barely misses your guardian golem.
The boulder beetle bites your guardian golem!!
Your guardian golem is destroyed!
Your guardian golem disappears in a puff of smoke!
Casting: Summon Guardian Golem (safe; 1% risk of failure)
Confirm with . or Enter, or press ? or * to list all spells.
A guardian golem appears, shielding your allies.
The boulder beetle leaps!
The boulder beetle curls into a ball and begins rolling!
The orc warrior hits your guardian golem with a +0 scimitar!
The orc warrior hits your guardian golem with a +0 scimitar.
The orc warrior hits your guardian golem with a +0 scimitar.
You swap places.
The orc warrior hits you with a +0 scimitar!!
The boulder beetle attacks as you move away!
The boulder beetle barely misses you.
The boulder beetle stops rolling and uncurls.
The boulder beetle bites your guardian golem.
The orc warrior hits your cerulean imp with a +0 scimitar!
Your guardian golem overheats!
The boulder beetle bites your guardian golem!
Flame seeps out of your guardian golem.
The orc warrior closely misses your cerulean imp.
Your guardian golem is engulfed in blazing flames.
Flame seeps out of your guardian golem.
The boulder beetle leaps!
The orc warrior hits you with a +0 scimitar.
Your guardian golem is engulfed in blazing flames.
Your guardian golem disappears in a puff of smoke!
Your guardian golem explodes!
The fiery explosion engulfs the orc warrior!
The fiery explosion engulfs your cerulean imp!!!
Your cerulean imp dies!
Your cerulean imp disappears in a puff of smoke!
The fiery explosion engulfs you!!
Ouch! That really hurt!
You die...
Your body crumbles into a pile of gold.

.......... #........
.)........#####.......
..).................# ..
.)..................##..
.....>......>...........
))......................
.. # .........#
#Y........ .##
.........# #......... ..
.........######§@.......
#.
..............§°o....B..
#.
#######.......§°§.......
#. # #...........####..
#. # #..######...# . #.
#######..# #...# #.
)........# #...# #.
.........### #...# ...
............ ..... .....


You could see a boulder beetle, an orc warrior and an ice beast (summoned,
unaware).

Vanquished Creatures
  A bullfrog (D:7)
  A scorpion (D:7)
  An orc priest (D:4)
  3 orc wizards (D:7)
  An adder (D:3)
  An orc (D:7)
  A giant cockroach (D:3)
  2 goblins
  4 rats
15 creatures vanquished.

Vanquished Creatures (collateral kills)
  A hydra (D:9)
  Erica (D:8)
  A two-headed ogre (D:9)
  An oklob plant (D:11)
  2 cyclopes
  Psyche (D:9)
  5 kobold demonologists
  A hornet (D:10)
  A troll (D:12)
  5 yaks
  A shadow (D:12)
  3 wyverns
  A vampire mosquito (D:12)
  A steam dragon (D:8)
  2 acid dragons
  A water moccasin (D:8)
  2 black bears
  A sky beast (D:8)
  8 ogres
  A centaur (D:9)
  2 phantoms
  Blork the orc (D:5)
  6 kobold brigands
  2 bullfrogs (D:8)
  2 scorpions
  7 killer bees
  5 howler monkeys
  2 hounds
  A jelly (D:6)
  8 orc priests
  Terence (D:2)
  A sleepcap (D:3)
  Jessica (D:2)
  Ijyb (D:3)
  Natasha (thrice) (D:2)
  8 orc wizards
  Robin (D:2)
  3 gnolls (D:11)
  2 adders
  2 white imps (D:5)
  An ufetubus (D:6)
  2 worms
  2 dart slugs
  27 orcs
  7 ball pythons
  7 bats
  8 endoplasms
  6 giant cockroaches
  14 goblins
  5 hobgoblins
  3 quokkas
  3 frilled lizards
  17 kobolds
  4 rats
205 creatures vanquished.

Vanquished Creatures (others)
  Snorg (D:10)
  A two-headed ogre (D:11)
  The ghost of Puinuh the Basher, a novice MiBe of Trog (D:5)
  Pikel (D:5)
  2 kobold demonologists (D:10)
  A komodo dragon (D:9)
  A troll (D:11)
  A hornet (D:9)
  6 yaks (D:11)
  2 wyverns
  2 vampire mosquitoes (D:12)
  3 water moccasins
  Duvessa (D:5)
  An orc warrior (D:9)
  A black bear (D:6)
  An ice beast (D:5)
  2 ogres
  A centaur (D:10)
  2 lemures (D:5)
  A kobold brigand (D:10)
  A gnoll sergeant (D:11)
  Dowan (D:5)
  3 killer bees
  Crazy Yiuf (D:4)
  An orc priest (D:9)
  6 gnolls
  2 orcs
  A goblin (D:2)
48 creatures vanquished.

Grand Total: 268 creatures vanquished

Notes
Turn   | Place    | Note
-------+----------+-------------------------------------------
     0 | D:1      | Wobber the Felid Summoner began the quest for the Orb.
     0 | D:1      | Reached XP level 1. HP: 7/7 MP: 4/4
   297 | D:1      | Reached XP level 2. HP: 11/11 MP: 3/6
   367 | D:1      | Learned a level 2 spell: Call Imp
  1272 | D:2      | Reached XP level 3. HP: 13/14 MP: 1/8
  1343 | D:2      | Noticed Natasha
  1432 | D:2      | Learned a level 3 spell: Call Canine Familiar
  1627 | D:2      | Noticed Robin
  1776 | D:2      | Killed Robin
  1930 | D:2      | Reached XP level 4. HP: 18/18 MP: 5/9
  1934 | D:2      | Learned a level 3 spell: Summon Guardian Golem
  2089 | D:2      | Noticed Terence
  2110 | D:2      | Killed Terence
  2168 | D:2      | Killed Natasha
  2169 | D:2      | Reached skill level 3 in Dodging
  2169 | D:2      | Reached skill level 1 in Hexes
  2169 | D:2      | Reached skill level 5 in Summonings
  2197 | D:2      | Noticed Natasha
  2241 | D:2      | Killed Natasha
  2242 | D:2      | Reached skill level 1 in Fighting
  2242 | D:2      | Reached XP level 5. HP: 13/22 MP: 6/11
  2293 | D:2      | Noticed Natasha
  2329 | D:2      | Killed Natasha
  2454 | D:2      | Noticed Jessica
  2474 | D:2      | Killed Jessica
  3146 | D:3      | Noticed Ijyb
  3229 | D:3      | Killed Ijyb
  3432 | D:3      | Gained mutation: You are covered in thick fur. (AC +2)
                  | [Felid growth]
  3432 | D:3      | Reached XP level 6. HP: 26/26 MP: 4/12
  3605 | D:3      | Reached skill level 4 in Dodging
  4141 | D:4      | Noticed a +0 falchion
  4141 | D:4      | Noticed a +0 spear
  4141 | D:4      | Noticed a +0 short sword
  4142 | D:4      | Noticed a +0 falchion
  4142 | D:4      | Noticed a +0 dagger
  4143 | D:4      | Noticed a +0 dagger
  4144 | D:4      | Noticed a +0 short sword
  4144 | D:4      | Noticed a +0 spear
  4185 | D:4      | Found a hide-covered altar of Uskayaw.
  4283 | D:4      | Found Zin's Purification Station.
  4287 | D:4      | Found a glowing silver altar of Zin.
  4354 | D:4      | Found a sparkling altar of Nemelex Xobeh.
  4926 | D:4      | Found a runed translucent door.
  4927 | D:4      | Noticed Crazy Yiuf
  4984 | D:4      | Found a burning altar of Makhleb.
  5245 | D:5      | Entered Level 5 of the Dungeon
  5257 | D:5      | Reached XP level 7. HP: 20/30 MP: 7/14
  5320 | D:5      | Noticed Puinuh's ghost (novice MiBe)
  5324 | D:5      | Found a runed translucent door.
  5391 | D:5      | Found a staircase to the Ecumenical Temple.
  5678 | D:5      | Reached skill level 5 in Dodging
  5711 | D:5      | Noticed Duvessa
  5713 | D:5      | Noticed Dowan
  5725 | D:5      | Killed Duvessa
  5745 | D:5      | Killed Dowan
  5842 | D:4      | Learned a level 4 spell: Summon Lightning Spire
  5913 | D:4      | Killed Crazy Yiuf
  6055 | Temple   | Entered the Ecumenical Temple
  6293 | D:5      | Noticed Pikel
  6439 | D:5      | Killed Pikel
  6440 | D:5      | Reached skill level 6 in Dodging
  6440 | D:5      | Reached skill level 5 in Spellcasting
  6440 | D:5      | Reached skill level 5 in Hexes
  6440 | D:5      | Reached skill level 1 in Air Magic
  6440 | D:5      | Reached XP level 8. HP: 36/36 MP: 1/16
  6783 | D:5      | Noticed Blork the orc
  6799 | D:5      | Killed Blork the orc
  6878 | D:5      | Killed Puinuh's ghost
  6879 | D:5      | Reached skill level 7 in Dodging
  7026 | D:6      | Found Cudgheh's Commerce Corner.
  7038 | D:6      | Reached XP level 9. HP: 33/39 MP: 8/18
  7438 | D:6      | Noticed a torpor snail
  7439 | D:6      | Found a snail-covered altar of Cheibriados.
  7439 | D:6      | Noticed a torpor snail
  7439 | D:6      | Noticed a torpor snail
  8171 | D:7      | Learned a level 2 spell: Blink
  8216 | D:7      | Reached skill level 5 in Fighting
  8292 | D:7      | Reached skill level 8 in Dodging
  8292 | D:7      | Reached skill level 1 in Translocations
  8336 | D:7      | Found a basalt altar of Yredelemnul.
  8854 | D:7      | Found a sacrificial altar of Ru.
  8876 | D:7      | Found a bloodstained altar of Trog.
  9120 | D:7      | Found a shimmering blue altar of Sif Muna.
  9302 | D:7      | Found a stormy altar of Qazlal.
  9466 | D:8      | Noticed Erica
  9509 | D:8      | Found a runed translucent door.
  9510 | D:8      | Mangled by Erica
  9511 | D:8      | Reached XP level 8. HP: -6/37 MP: 0/18
  9548 | D:8      | Killed Erica
  9549 | D:8      | Reached XP level 9. HP: 41/41 MP: 8/19
  9885 | D:8      | Reached skill level 9 in Dodging
  9893 | D:8      | Identified the +4 spear "Pizid" {spect, Will- Dex+5}
  9898 | D:8      | Noticed bairyn's ghost (novice SpRe)
 10132 | D:8      | Reached skill level 5 in Translocations
 10550 | D:9      | Noticed a two-headed ogre
 10561 | D:9      | Killed a two-headed ogre
 10562 | D:9      | Reached XP level 10. HP: 46/46 MP: 11/21
 10873 | D:9      | Reached skill level 5 in Air Magic
 10973 | D:9      | Noticed a four-headed hydra
 10981 | D:9      | Killed a four-headed hydra
 10994 | D:9      | Reached skill level 10 in Dodging
 11587 | D:9      | Noticed Psyche
 11641 | D:9      | Killed Psyche
 11945 | D:9      | Found an ornate altar of the Wu Jian Council.
 12159 | D:10     | Entered Level 10 of the Dungeon
 12335 | D:10     | Found a white marble altar of Elyvilon.
 12335 | D:10     | Found a hazy altar of Hepliaklqana.
 12335 | D:10     | Found an opulent altar of Gozag.
 12344 | D:10     | Became a worshipper of Gozag Ym Sagoz the Greedy
 12563 | D:10     | Found a flagged portal.
 12634 | D:10     | Noticed an orc high priest
 12662 | D:10     | Noticed Snorg
 12672 | D:10     | Noticed Lodul
 12673 | D:10     | Lodul changed into Lodul the water moccasin
 12673 | D:10     | Noticed Lodul
 12706 | D:10     | HP: 1/47 [hornet (15)]
 12708 | D:10     | Paralysed by a hornet for 2 turns
 12709 | D:10     | Slain by Snorg
 12710 | D:10     | Reached XP level 9. HP: -2/43 MP: 6/21
 12782 | D:10     | Noticed a kobold demonologist
 12798 | D:10     | Noticed a sun demon
 12798 | D:10     | Noticed an orange demon
 12804 | D:10     | Killed a kobold demonologist
 12839 | D:10     | Killed Lodul the water moccasin
 12869 | D:10     | Reached XP level 10. HP: 47/47 MP: 3/22
 13049 | D:10     | Killed Snorg
 13213 | D:10     | Found a shimmering altar of Xom.
 13229 | D:10     | Found a glowing golden altar of the Shining One.
 13320 | D:10     | Noticed a soul eater
 13582 | D:10     | Noticed a sun demon
 13586 | D:10     | Noticed a smoke demon
 13591 | D:10     | HP: 2/48 [sun demon[a kobold demonologist] (19)]
 13721 | D:10     | Reached skill level 11 in Dodging
 13924 | D:11     | Found a staircase to the Lair.
 13928 | D:11     | Noticed an oklob plant
 14051 | D:11     | Noticed a two-headed ogre
 14059 | D:11     | Killed a two-headed ogre
 14195 | D:11     | Reached XP level 11. HP: 49/51 MP: 7/24
 15075 | D:11     | Killed an oklob plant
 15133 | D:12     | Noticed a boulder beetle
 15542 | D:12     | Noticed Fannar
 15556 | D:12     | HP: 2/52 [Fannar/+0 quarterstaff of freezing (33)]
 15570 | D:12     | Slain by Fannar
 15571 | D:12     | Reached XP level 10. HP: -2/49 MP: 13/23
 15611 | D:12     | Killed by an exploding themself... ignited by their inner
                  | flame

Illustrated notes

Levels and vault maps discovered:
D:1:      saegor_arrival_simple_c, layout_loops_ring
D:2:      layout_basic, uniq_jessica, uniq_natasha, uniq_terence, uniq_robin
D:3:      layout_loops_ring, uniq_ijyb
D:4:      wander_river, layout_gridville, nemelex_diamond_rough_becter,
          zin_purify, lemuel_coloured_pillars_altar, nicolae_uskayaw_en_pointe,
          solitary_fountain, columned_hall_lemuel, uniq_crazy_yiuf_cottage
D:5:      layout_cave_pods, minmay_temple_entry_mini_moons,
          hellmonk_ghost_happy_afterlife, serial_park_tiny_2, uniq_duvessa,
          uniq_blork_the_orc, uniq_pikel
D:6:      layout_basic, cheibriados_altar_2, st_stairs_8, corner_web_ring,
          nicolae_alphabet_shops
D:7:      layout_basic, led_sif_pool, trog_book, nicolae_ru_path_of_blood,
          nicolae_qazlal_eye_of_the_storm, mainiacjoe_overflow_boulevard,
          kennysheep_generic_room_5
D:8:      layout_cave_pools, ebering_ghost_funeral_grove, uniq_erica
D:9:      layout_irregular_city, nicolae_wu_jian_immortal_techniques,
          moated_statue, dk_rats_in_the_wall, uniq_psyche
D:10:     layout_rooms, kennysheep_mini_moat, nicolae_overflow_crystal_walls,
          chequers_temple_overflow_statue_of_worship, enter_bailey_8,
          wad_dig_loot, uniq_lodul, uniq_snorg
D:11:     layout_irregular_city, dpeg_oklobed_lair
D:12:     layout_small_grid, erik_orc_4, serial_shops, shop, uniq_fannar
Temple:   nicolae_temple_superstar

Skill      XL: |  1  2  3  4  5  6  7  8  9 10 11 |
---------------+----------------------------------+-----
Spellcasting   | 3 4 5 6 8 |  8.6
Dodging        | 3 4 6 7 9 11 | 11.8
Hexes          | 1 2 3 5 |  5.0
Summonings     | 5 6 8 9 |  9.9
Fighting       | 1 2 3 4 6 7 8 |  8.5
Air Magic      | 1 4 3 6 7 |  7.0
Translocations | 4 5 |  5.0
Stealth        | |  2.6

Action                     |  1- 3 |  4- 6 |  7- 9 | 10-12 || total
---------------------------+-------+-------+-------+-------++-------
  Melee: Unarmed           |    11 |    24 |    58 |    45 ||   138
         Bite              |     3 |     4 |    16 |     4 ||    27
         Punch             |       |       |     1 |     1 ||     2
   Cast: Summon Small Mamm |    61 |    35 |    17 |     6 ||   119
         Call Imp          |    22 |    19 |    27 |     8 ||    76
         Call Canine Famil |       |    23 |    39 |    24 ||    86
         Summon Guardian G |       |     2 |    49 |    45 ||    96
         Summon Lightning  |       |       |    15 |    51 ||    66
         Blink             |       |       |     2 |     2 ||     4
  Evoke: Wand              |       |       |       |     1 ||     1
    Use: Potion            |       |     3 |     4 |     4 ||    11
         Scroll            |       |     3 |     2 |     6 ||    11
   Stab: Sleeping          |       |     2 |       |       ||     2
         Distracted        |       |     1 |     3 |     1 ||     5
         Betrayed ally     |       |       |     1 |       ||     1
 Armour: Skin              |     6 |     2 |     3 |     5 ||    16
  Dodge: Dodged            |    59 |    38 |   120 |   139 ||   356
